 Dungeon Crawl Stone Soup version 0.26-a0-651-gb41185065b (webtiles) character file.

Game seed: 15831173151499299801

27 miket3c the Sneak (level 2, -1/14 HPs)
             Began as a Spriggan Brigand on Sept 30, 2020.
             Killed by nerve-wracking pain
             ... invoked by Jessica
              (13 damage)
             ... on level 2 of the Dungeon.
             The game lasted 00:08:08 (983 turns).

miket3c the Sneak (Spriggan Brigand)                 Turns: 983, Time: 00:08:09

Health: -1/14      AC:  3    Str:  7    XL:     2   Next: 93%
Magic:  3/3        EV: 17    Int: 12    God:
Gold:   51         SH:  0    Dex: 17    Spells: 1/1 levels left

rFire    . . .     SeeInvis +   a - +2 dagger
rCold    . . .     Faith    .   (shield restricted)
rNeg     . . .     Spirit   .   b - +0 robe
rPois    .         Reflect  .   (helmet restricted)
rElec    .         Harm     .   c - +0 cloak
rCorr    .         Rampage  .   (gloves unavailable)
MR       .....                  (boots unavailable)
Stlth    ++++......             (no amulet)
HPRegen  0.04/turn              (no ring)
MPRegen  0.08/turn              (no ring)

@: very quick
A: very small, unfitting armour, see invisible, speed 3
a: no special abilities


You were on level 2 of the Dungeon.
You visited 1 branch of the dungeon, and saw 2 of its levels.

You collected 51 gold pieces.

Inventory:

Hand Weapons
 a - a +2 dagger (weapon)
 l - a +1 dagger of freezing
Missiles
 d - 7 poisoned darts (quivered)
 e - 2 curare-tipped darts
 n - 6 stones
Armour
 b - a +0 robe (worn)
 c - a +0 cloak (worn)
Jewellery
 k - an uncursed ring of ice {unknown}
Scrolls
 g - a scroll of noise {unknown}
 i - a scroll of identify {unknown}
 j - a scroll of magic mapping {unknown}
 p - a scroll of amnesia {unknown}
 q - a scroll of teleportation {unknown}
Potions
 f - a potion of degeneration {unknown}
 h - a potion of curing {unknown}
 m - a potion of mutation {unknown}
 o - a potion of brilliance {unknown}


   Skills:
 + Level 1.5 Fighting
 + Level 2.3 Short Blades
 + Level 2.0 Throwing
 + Level 1.6 Dodging
 * Level 7.3 Stealth


You had one spell level left.
You didn't know any spells.
Your spell library was empty.

Dungeon Overview and Level Annotations

Branches:
Dungeon (2/15)

Altars:

Annotations:
D:1 Nothing here
D:2 Jessica


Innate Abilities, Weirdness & Mutations

You are very small and have problems with some larger weapons.
You are too small for most types of armour.
You have supernaturally acute eyesight. (SInv)
You cover ground extremely quickly.


Message History

Jessica the Apprentice Sorceress comes into view.
She is wielding a +0 dagger.
Jessica shouts!
Jessica completely misses you.
You barely miss Jessica. Jessica barely misses you.
You barely miss Jessica. You hit Jessica.
Jessica is moderately wounded.
Jessica hits you with a +0 dagger.
You hit Jessica.
Jessica is severely wounded.
Jessica barely misses you.
You hit Jessica.
Jessica is severely wounded.
Jessica barely misses you.
You completely miss Jessica.
Jessica is severely wounded.
Jessica gestures at you while chanting. Pain shoots through your body!
Ouch! That really hurt!
You die...

#+# #.# ### ###.#
#.. ...##
#.#####.#####..(##
#..........#.....#
######.##.##@@.#
##
#<##.###.#......
#.##)###.#.#####
#.##.......#
#.######.### #..
..# ### ####


You could see Jessica.

Vanquished Creatures
  An ooze (D:1)
  A leopard gecko (D:1)
  2 giant cockroaches (D:1)
  3 goblins (D:1)
  A hobgoblin (D:1)
  A quokka (D:2)
  3 bats (D:1)
  A frilled lizard (D:1)
  3 kobolds (D:1)
  8 rats (D:1)
24 creatures vanquished.

Notes
Turn   | Place    | Note
-------+----------+-------------------------------------------
     0 | D:1      | miket3c the Spriggan Brigand began the quest for the Orb.
     0 | D:1      | Reached XP level 1. HP: 10/10 MP: 2/2
    34 | D:1      | Reached skill level 6 in Stealth
   219 | D:1      | Reached XP level 2. HP: 14/14 MP: 3/3
   546 | D:1      | Reached skill level 7 in Stealth
   975 | D:2      | Noticed Jessica
   983 | D:2      | Killed from afar by Jessica

Illustrated notes

Levels and vault maps discovered:
D:1:      erik_arrival_cave_to_civilisation [erik_arrival_cave_to_hall],
          layout_basic, chequers_garden
D:2:      layout_loops_corners, uniq_jessica, uniq_terence

Skill      XL: |  1  2 |
---------------+-------+-----
Stealth        | 6 7 |  7.3
Fighting       | |  1.5
Short Blades   | |  2.3
Throwing       | |  2.0
Dodging        | |  1.6

Action                   || total
-------------------------++-------
Melee: Dagger            ||    37
Throw: Dart              ||    14
 Stab: Sleeping          ||     7
Armor: Robe              ||     2
Dodge: Dodged            ||    19

Table legend: (Time is in decaauts)
 A = Elapsed time spent in this place.
 B = Non-inter-level travel time spent in this place.
 C = Inter-level travel time spent in this place.
 D = Time resting spent in this place.
 E = Time spent auto-exploring this place.
 F = Levels seen in this place.
 G = Mean time per level.
                   A        B        C        D        E       F      G
               +--------+--------+--------+--------+--------+-----+--------+
         Total |    716 |    688 |     28 |    225 |    148 |   2 |  358.0 |
       Dungeon |    716 |    688 |     28 |    225 |    148 |   2 |  358.0 |
               +--------+--------+--------+--------+--------+-----+--------+

Top non-repeatable levels by time:
     D:1: 688 daAuts
     D:2: 28 daAuts
